 Dungeon Crawl Stone Soup version 0.31-a0-632-g766dd24fdf (webtiles) character file.

Game seed: 15502824486132079399

1113 ytrimaz the Insei (level 8, -2/54 HPs)
             Began as a Demonspawn Shapeshifter on Aug 25, 2023.
             Was a Follower of Trog.
             Succumbed to a water moccasin's poison
             ... on level 6 of the Dungeon.
             The game lasted 00:06:19 (4823 turns).

ytrimaz the Insei (Demonspawn Shapeshifter)         Turns: 4823, Time: 00:06:19

Health: -2/54      AC:  8    Str: 15    XL:     8   Next: 12%
Magic:  8/8        EV: 11    Int: 15    God:    Trog [*.....]
Gold:   116        SH:  0    Dex: 17    Spells: 7/7 levels left

rFire   + .          .
                       - Unarmed
rCold   . . .        (no shield)
rNeg    . . .        w - +0 ring mail
rPois   .            (helmet currently unavailable)
rElec   .            (cloak currently unavailable)
rCorr   .            (gloves currently unavailable)
SInv    .            (boots currently unavailable)
Will    .....        x - amulet of regeneration
Stlth   +            j - +6 ring of intelligence
HPRegen 1.09/turn    l - ring of protection from fire
MPRegen 0.11/turn

%: no passive effects
@: lethally poisoned (-2 -> -10), beast-form
A: beast (slay +3), horns 1, thin metallic scales 2, foul stench 1, powered by
pain 1
a: Begin Untransformation, Renounce Religion, Berserk


You were on level 6 of the Dungeon.
You worshipped Trog.
Trog was aware of your devotion.
You were a hulking beast.
You visited 2 branches of the dungeon, and saw 7 of its levels.
You also visited: Sewer.

You collected 291 gold pieces.
You spent 175 gold pieces at shops.


Innate Abilities, Weirdness & Mutations

You are a hulking beast.
Your limbs bulge with bestial killing power. (Slay +3)
You have a pair of small horns on your head.
You are mostly covered in thin metallic scales. (AC +3)
You may rarely emit foul miasma when damaged in melee.
You sometimes gain a little power by taking damage.


   Skills:
 - Level 1.0 Fighting
 - Level 1.7 Dodging
 + Level 6.7 Unarmed Combat
 + Level 6.3 Shapeshifting


You had 7 spell levels left.
You didn't know any spells.
Your spell library was empty.

Inventory:

Armour
 o - a +0 cloak
   (You found it on level 2 of the Dungeon)
 p - a +0 leather armour
   (You found it on level 2 of the Dungeon)
 r - a +0 pair of boots
   (You found it on level 2 of the Dungeon)
 w - a +0 ring mail (worn)
   (You found it on level 3 of the Dungeon)
Jewellery
 h - a ring of magical power
   (You found it on level 5 of the Dungeon)
 i - an amulet of the acrobat
   (You found it on level 1 of the Dungeon)
 j - a +6 ring of intelligence (left hand)
   (You found it on level 1 of the Dungeon)
 l - a ring of protection from fire (right hand)
   (You found it on level 5 of the Dungeon)
 x - an amulet of regeneration (around neck)
   (You found it on level 3 of the Dungeon)
Talismans
 c - a beast talisman (active)
 d - a flux talisman
Wands
 a - a wand of iceblast (8)
   (You found it on level 5 of the Dungeon)
Scrolls
 f - a scroll of enchant weapon
 g - 2 scrolls of revelation
 m - 4 scrolls of amnesia
 n - 2 scrolls of enchant armour
 u - a scroll of immolation
 y - a scroll of identify
 E - a scroll of blinking
Potions
 b - a potion of heal wounds {unknown}
 e - 2 potions of resistance
 k - 3 potions of haste
 q - a potion of magic
 s - a potion of attraction {unknown}
 t - 2 potions of degeneration
 v - 2 potions of curing {unknown}
 z - 2 potions of cancellation {unknown}
 A - 3 potions of might {unknown}
 B - a potion of mutation {unknown}
 D - a potion of ambrosia {unknown}

Dungeon Overview and Level Annotations

Branches:
Dungeon (6/15) Zot: 26856  Temple (1/1) D:4 Zot: 5927   Sewer (visited)

Altars:
Ashenzari
Cheibriados
Dithmenos
Fedhas
Gozag
Kikubaaqudgha
Makhleb
Nemelex Xobeh
Okawaru
Ru
Sif Muna
Trog
Uskayaw
Vehumet
Wu Jian
Xom
Yredelemnul

Shops:
D:1 ( D:3

? ..# ### ..# #.# # #.#
#.###### #.. #.......
#.. ##...... ..#
#.#...## #.# #.#
#.(#..## #S# #.#
##...#...
#######h####.###.....#..
#..........#......##..##
#.#####.##.#.####.##..##
#.##.#.# #....#..
##.##.#.# #...#...
.###.......####..#..##
#...............#...##
#.###......######......
.....<##.## #######


You could see a water moccasin (slow).


Message History

The adder misses you.
An adder is nearby!
You closely miss the adder. The adder bites you but does no damage.
An adder is nearby!
You miss the adder. The adder bites you but does no damage.
An adder is nearby!
You hit the adder. The adder barely misses you.
You punch the adder!
You kill the adder!
Trog accepts your kill.
No target in view!
No target in view!
Unknown command.
No target in view!
No target in view!
Unknown command.
You now have 99 gold pieces (gained 7).
Key pressed, stopping explore.
You now have 116 gold pieces (gained 17).
A water moccasin comes into view.
A water moccasin is nearby!
A water moccasin is nearby!
The water moccasin hisses angrily.
A water moccasin is nearby!
A water moccasin is nearby!
You closely miss the water moccasin. The water moccasin bites you.
You are poisoned.
The water moccasin poisons you! 😕 HP[-1]
You take 1 damage, and now have 53/54 hp.
You miss the water moccasin.
You feel very sick. The water moccasin bites you! 😕 HP[-11]
You take 11 damage, and now have 42/54 hp.
MASSIVE DAMAGE!! (PAUSE)
You hit the water moccasin. You headbutt the water moccasin.
You feel sick.
The water moccasin barely misses you. 😕 HP[-1]
You take 1 damage, and now have 41/54 hp.
You barely miss the water moccasin.
You feel very sick. The water moccasin bites you!
You are more poisoned.
The water moccasin poisons you! 😮 HP[-9]
You take 9 damage, and now have 32/54 hp.
You hit the water moccasin but do no damage.
You feel very sick. The water moccasin bites you.
* * * LOW HITPOINT WARNING * * *
The water moccasin bites you.
* * * LOW HITPOINT WARNING * * *
😨 HP[-8]
You take 8 damage, and now have 24/54 hp.
You are too injured to fight recklessly!
You closely miss the water moccasin.
You feel very sick. The water moccasin bites you.
* * * LOW HITPOINT WARNING * * *
Unknown command. 😨 HP[-4]
You take 4 damage, and now have 20/54 hp.
You closely miss the water moccasin.
You feel very sick.
The water moccasin barely misses you. 😨 HP[-3]
You take 3 damage, and now have 17/54 hp.
Unknown command.
You hit the water moccasin.
Your headbutt misses the water moccasin.
You feel very sick.
The water moccasin closely misses you. 😨 HP[-2]
You take 2 damage, and now have 15/54 hp.
Unknown command.
You miss the water moccasin.
You feel sick. The water moccasin bites you.
* * * LOW HITPOINT WARNING * * *
You emit a cloud of foul miasma! 😱 HP[-6]
You take 6 damage, and now have 9/54 hp.
You punch the water moccasin!
Your headbutt misses the water moccasin.
You feel sick.
The water moccasin is engulfed in dark miasma.
The water moccasin seems to slow down.
The water moccasin bites you!
* * * LOW HITPOINT WARNING * * *
You are more poisoned.
The water moccasin poisons you!
The water moccasin is engulfed in dark miasma.
The water moccasin seems to slow down.
The water moccasin barely misses you. 😱 HP[-8]
You take 8 damage, and now have 1/54 hp.
Okay, then.
Unknown command.
Okay, then.
Okay, then.
Unknown command.
It was a potion of magic.
Magic courses through your body.
You die...

Skill      XL: |  1  2  3  4  5  6  7 |
---------------+----------------------+-----
Unarmed Combat | 3 4 5 6 |  6.7
Shapeshifting  | 3 4 5 6 |  6.3
Fighting       | |  1.0
Dodging        | |  1.7

Action                     |  1- 3 |  4- 6 |  7- 9 || total
---------------------------+-------+-------+-------++-------
  Melee: Unarmed           |   111 |   249 |   103 ||   463
         Punch             |     4 |     6 |       ||    10
         Headbutt          |       |       |    24 ||    24
    Use: Potion            |     1 |       |     1 ||     2
         Scroll            |       |    11 |     1 ||    12
   Stab: Sleeping          |     1 |       |       ||     1
 Armour: Animal skin       |    21 |    11 |       ||    32
         Skin              |     2 |       |       ||     2
         Leather armour    |       |     3 |       ||     3
         Ring mail         |       |    95 |    45 ||   140
  Dodge: Dodged            |    81 |   209 |    56 ||   346

Levels and vault maps discovered:
D:1:      lemuel_arrival_rhombus, layout_loops_corners, serial_shops,
          nicolae_shop_tiny_real_fake_doors, ebering_ecumenical_altar_abandoned
D:2:      minmay_inner_zag, layout_basic, basic_altar, st_stairs_13,
          minmay_close_crescents
D:3:      layout_loops_ring, serial_shops, nicolae_lakefront_shop,
          gup_sewer_entry_pipe, nicolae_concentric_dashed_squares_wild,
          chequers_mini_garden, st_stairs_11
D:4:      layout_gridville, minmay_temple_entry_proselytizer, serial_glass,
          glass_columns_a, glass_columns_a, dreamdust_mushroom_princess
D:5:      layout_basic
D:6:      layout_loops_ring, serial_shops, shop, minivault_26
Temple:   hellmonk_temple_divided_pantheon

Notes
Turn   | Place    | Note
-------+----------+-------------------------------------------
     0 | D:1      | ytrimaz the Demonspawn Shapeshifter began the quest for the
                  | Orb.
     0 | D:1      | Reached XP level 1. HP: 15/15 MP: 1/1
     0 | D:1      | magus.rc [v1.9.6]
   218 | D:1      | Found a faded altar of an unknown god.
   252 | D:1      | Reached skill level 3 in Unarmed Combat
   280 | D:1      | Gained mutation: You are partially covered in thin metallic
                  | scales. (AC +2) [demonic ancestry]
   280 | D:1      | Reached XP level 2. HP: 21/21 MP: 2/2
   290 | D:1      | Reached skill level 3 in Shapeshifting
   577 | D:1      | Found Vuasit's Antique Weapon Emporium.
   646 | D:1      | Reached XP level 3. HP: 26/26 MP: 3/3
  1054 | D:2      | HP: 3/26 [gnoll/+0 flail (7)]
  1060 | D:2      | Gained mutation: You are mostly covered in thin metallic
                  | scales. (AC +3) [demonic ancestry]
  1060 | D:2      | Reached XP level 4. HP: 8/32 MP: 4/4
  1550 | D:2      | Reached skill level 4 in Unarmed Combat
  1720 | D:2      | Gained mutation: You may rarely emit foul miasma when
                  | damaged in melee. [demonic ancestry]
  1720 | D:2      | Reached XP level 5. HP: 37/37 MP: 5/5
  1774 | D:2      | Found an opulent altar of Gozag.
  1888 | D:2      | Reached skill level 4 in Shapeshifting
  2425 | D:3      | Found a glowing drain.
  2441 | Sewer    | Entered a sewer
  2526 | Sewer    | HP: 9/37 [kobold/+0 dagger (1)]
  2532 | Sewer    | HP: 7/37 [kobold/+0 short sword (2)]
  2534 | Sewer    | Reached XP level 6. HP: 4/43 MP: 6/6
  2535 | Sewer    | HP: 3/43 [kobold/+0 short sword (3)]
  2638 | Sewer    | Reached skill level 5 in Unarmed Combat
  2971 | D:3      | Found Amel Kue's Magic Scroll Shop.
  2981 | D:3      | Bought a scroll of blinking for 97 gold pieces
  2981 | D:3      | Bought a scroll of identify for 26 gold pieces
  2981 | D:3      | Bought a scroll of identify for 26 gold pieces
  2981 | D:3      | Bought a scroll of identify for 26 gold pieces
  3001 | D:3      | Reached skill level 5 in Shapeshifting
  3322 | D:4      | Noticed an orc warrior
  3351 | D:4      | HP: 7/43 [orc/+0 hand axe (6)]
  3353 | D:4      | Killed an orc warrior
  3354 | D:4      | Gained mutation: You have a pair of small horns on your
                  | head. [demonic ancestry]
  3354 | D:4      | Reached XP level 7. HP: 11/48 MP: 7/7
  3633 | D:4      | Reached skill level 6 in Unarmed Combat
  3810 | D:4      | Found a staircase to the Ecumenical Temple.
  3818 | Temple   | Found a transporter.
  3818 | Temple   | Found a transporter.
  3818 | Temple   | Found a transporter.
  3818 | Temple   | Found a transporter.
  3818 | Temple   | Entered the Ecumenical Temple
  3873 | Temple   | Became a worshipper of Trog the Wrathful
  4017 | D:5      | Entered Level 5 of the Dungeon
  4117 | D:5      | Reached skill level 6 in Shapeshifting
  4232 | D:5      | Gained mutation: You sometimes gain a little power by
                  | taking damage. [demonic ancestry]
  4232 | D:5      | Reached XP level 8. HP: 54/54 MP: 8/8
  4519 | D:5      | Reached * piety under Trog
  4821 | D:6      | HP: 9/54 [water moccasin (5)]
  4822 | D:6      | HP: 1/54 [water moccasin (7)]
  4823 | D:6      | Succumbed to a water moccasin's poison

Vanquished Creatures
  An orc warrior (D:4)
  A phantom (D:5)
  4 kobold brigands
  3 scorpions
  2 orc priests
  3 iguanas
  A gnoll bouda (D:5)
  An orc wizard (D:4)
  11 gnolls
  5 adders
  A shadow imp (D:5)
  2 worms (D:2)
  13 orcs
  10 bats
  9 endoplasms
  9 giant cockroaches
  6 hobgoblins
  3 jackals (D:5)
  9 quokkas
  12 ball pythons
  2 frilled lizards
  12 goblins
  24 kobolds
  10 rats
154 creatures vanquished.

Table legend:
 A = Non-vault XP
 B = Vault XP
 C = Vault XP percentage of total XP
 D = Non-vault monster count
 E = Vault monster count
 F = Vault count percentage of total count
                 A         B        C        D         E       F
            +---------+---------+-------+---------+---------+-------
      Total |    1154 |     437 |  27.5 |     105 |      49 |  31.8
            +---------+---------+-------+---------+---------+-------
        D:1 |      43 |       0 |   0.0 |      26 |       0 |   0.0
        D:2 |     115 |      49 |  29.9 |      23 |      12 |  34.3
        D:3 |      92 |      22 |  19.3 |      19 |      12 |  38.7
        D:4 |     417 |      43 |   9.3 |      16 |       1 |   5.9
        D:5 |     386 |       0 |   0.0 |      19 |       0 |   0.0
        D:6 |     101 |       0 |   0.0 |       2 |       0 |   0.0
      Sewer |       0 |     323 | 100.0 |       0 |      24 | 100.0
            +---------+---------+-------+---------+---------+-------

Skill      XL: |  1  2  3  4  5  6  7 |
---------------+----------------------+-----
Unarmed Combat | 3 4 5 6 |  6.7
Shapeshifting  | 3 4 5 6 |  6.3
Fighting       | |  1.0
Dodging        | |  1.7

Action                     |  1- 3 |  4- 6 |  7- 9 || total
---------------------------+-------+-------+-------++-------
  Melee: Unarmed           |   111 |   249 |   103 ||   463
         Punch             |     4 |     6 |       ||    10
         Headbutt          |       |       |    24 ||    24
    Use: Potion            |     1 |       |     1 ||     2
         Scroll            |       |    11 |     1 ||    12
   Stab: Sleeping          |     1 |       |       ||     1
 Armour: Animal skin       |    21 |    11 |       ||    32
         Skin              |     2 |       |       ||     2
         Leather armour    |       |     3 |       ||     3
         Ring mail         |       |    95 |    45 ||   140
  Dodge: Dodged            |    81 |   209 |    56 ||   346

Illustrated notes

Table legend:
 A = Kills in this place as a percentage of kills in the entire game.
 B = Kills by you in this place as a percentage of kills by you in the entire game.
 C = Kills by friends in this place as a percentage of kills by friends in the entire game.
 D = Other kills in this place as a percentage of other kills in the entire game.
 E = Experience gained in this place as a percentage of experience gained in the entire game.
 F = Experience gained in this place divided by the number of levels of this place that you have seen.
                   A       B       C       D       E      F
               +-------+-------+-------+-------+-------+----------------------
         Total | 100.0 | 100.0 |   N/A |   N/A | 100.0 | 198.9
       Dungeon |  84.4 |  84.4 |   N/A |   N/A |  79.7 | 211.3
         Sewer |  15.6 |  15.6 |   N/A |   N/A |  20.3 | 323.0
               +-------+-------+-------+-------+-------+----------------------

Table legend: (Time is in decaauts)
 A = Elapsed time spent in this place.
 B = Non-inter-level travel time spent in this place.
 C = Inter-level travel time spent in this place.
 D = Time resting spent in this place.
 E = Time spent auto-exploring this place.
 F = Levels seen in this place.
 G = Mean time per level.
                   A        B        C        D        E       F      G
               +--------+--------+--------+--------+--------+-----+--------+
         Total |   4808 |   4587 |    221 |     17 |   3440 |   8 |  601.0 |
       Dungeon |   4444 |   4238 |    206 |     17 |   3276 |   6 |  740.7 |
        Temple |     72 |     57 |     15 |      0 |      8 |   1 |   72.0 |
         Sewer |    290 |    290 |      0 |      0 |    156 |   1 |  290.0 |
               +--------+--------+--------+--------+--------+-----+--------+

Top non-repeatable levels by time:
     D:2: 1155 daAuts
     D:1: 959 daAuts
     D:3: 881 daAuts
     D:5: 654 daAuts
     D:4: 650 daAuts
   Sewer: 290 daAuts
     D:6: 143 daAuts
  Temple: 72 daAuts
